 Dungeon Sprint DCSS version 0.19.0-9-gfd783f2 (webtiles) character file.

1050 LORDOFBUTT the Unseen (level 8, -2/36 HPs)
             Began as a Spriggan Enchanter on Nov 7, 2016.
             Was a High Priest of Dithmenos.
             Slain by a snapping turtle (26 damage)
             ... in the Dungeon (Sprint VII: "The Pits").
             The game lasted 00:03:18 (949 turns).

LORDOFBUTT the Unseen (Spriggan Enchanter)           Turns: 949, Time: 00:03:18

Health: -2/36      AC:  3    Str:  4    XL:     8   Next: 5%
Magic:  18/25      EV: 18    Int: 17    God:    Dithmenos [*****.]
Gold:   0          SH:  0    Dex: 18    Spells: 3 memorised, 25 levels left

rFire  . . .     SeeInvis +     a - +1 dagger (venom)
rCold  . . .     Gourm    .     b - +1 robe
rNeg   . . .     Faith    .     (shield restricted)
rPois  .         Spirit   .     (helmet restricted)
rElec  .         Reflect  .     (no cloak)
rCorr  .         Harm     .     (gloves unavailable)
MR     +....     NoTele   +     (boots unavailable)
Stlth  +++++++++.               (no amulet)
                                (no ring)
                                (no ring)

@: wreathed by umbra, very quick
A: unfitting armour, see invisible, herbivore 3, speed 3, slow metabolism 2
a: Shadow Step, Shadow Form, Renounce Religion


You were in the Dungeon.
You worshipped Dithmenos.
Dithmenos was extremely pleased with you.
You were not hungry.

You visited 1 branch

Inventory:

Hand Weapons
 a - a +1 dagger of venom (weapon)
Armour
 b - a +1 robe (worn)
Scrolls
 j - a scroll of blinking
 l - 3 scrolls of remove curse
 m - 5 scrolls of amnesia
 n - a scroll of summoning
Potions
 e - 6 potions of curing
 f - 6 potions of heal wounds
 g - a potion of haste
 h - 4 potions of magic
 i - 3 potions of berserk rage
 k - 2 potions of invisibility
Books
 c - a book of Maledictions

   Spells                             Type                      Level
   a - Corona                         Hexes                        1
   b - Ensorcelled Hibernation        Hexes/Ice                    2
   c - Confuse                        Hexes                        3
   d - Tukima's Dance                 Hexes                        3
   e - Dazzling Spray                 Conjuration/Hexes            3
Comestibles
 d - 8 bread rations
 o - 40 fruits


   Skills:
 - Level 1.1 Short Blades
 - Level 3.0 Dodging
 + Level 15.4 Stealth
 + Level 12.2 Spellcasting
 + Level 12.4 Hexes


You had 25 spell levels left.
You knew the following spells:

 Your Spells              Type           Power        Failure   Level  Hunger
a - Corona                Hex            ######.      1%          1    None
b - Ensorcelled Hibernat  Hex/Ice        ####..       1%          2    None
c - Confuse               Hex            ######..     1%          3    None


Dungeon Overview and Level Annotations

Branches:
Dungeon (1/1)

Altars:
Ashenzari
Cheibriados
Dithmenos
Elyvilon
Fedhas
Gozag
Hepliaklqana
Kikubaaqudgha
Makhleb
Nemelex Xobeh
Okawaru
Qazlal
Ru
Sif Muna
Trog
Uskayaw
Vehumet
Xom
Yredelemnul
Zin
The Shining One
Beogh
Jiyva
Lugonu


Innate Abilities, Weirdness & Mutations

You are very small and have problems with some larger weapons.
You are too small for most types of armour.
You have supernaturally acute eyesight. (SInv)
You are a herbivore.
You cover ground extremely quickly.
You need consume almost no food.


Message History

The vampire mosquito is lightly damaged.
The vampire mosquito closely misses you.
The vampire mosquito barely misses the snapping turtle.
The snapping turtle barely misses you.
You catch the helpless vampire mosquito completely off-guard!
You impale the vampire mosquito!!
You destroy the vampire mosquito!
Dithmenos accepts your kill.
You have reached level 8!
Casting: Confuse
Confirm with . or Enter, or press ? or * to list all spells.
Aiming: Ensorcelled Hibernation
Press: ? - help, Shift-Dir - straight line, f - snapping turtle
Aim: a snapping turtle (umbra, chance to defeat MR: 42%)
The snapping turtle resists with some effort.
Your shadow mimicks your spell!
The snapping turtle easily resists.
The snapping turtle bites you from afar!!
Ouch! That really hurt!
You die...

#.#...#.#))#####'#####+
#.#..÷'.#))##.......#
#.##÷####))##.......#
#.#.....#[[##.......#
#.#.....#'###...<...#
#.#........##.......#
#.#........##.......#
#'###########.......#
#.......#@.##########
#.###...#†######
#.#.....#t#....#
#.#...#.#'#....#
#.....#.#†'....+
#...###)#'#....#
#...÷..÷'.#....#
########### ####


You could see a snapping turtle.

Vanquished Creatures
  Grinder (D)
  A flying skull (D)
  A vampire mosquito (D)
  2 floating eyes (D)
  A black bear (D)
  A necrophage (D)
  A crocodile (D)
  A scorpion (D)
  Crazy Yiuf (D)
  An iron imp (D)
  A gnoll (D)
  A river rat (D)
  2 hobgoblins (D)
  2 jackals (D)
  A quokka (D)
  2 ball pythons (D)
  A bat (D)
  A frilled lizard (D)
  A rat (D)
23 creatures vanquished.

Notes
Turn   | Place    | Note
-------+----------+-------------------------------------------
     0 | D        | LORDOFBUTT the Spriggan Enchanter began the quest for the Orb.
     0 | D        | Reached XP level 1. HP: 9/9 MP: 5/5
    23 | D        | Found a radiant altar of Vehumet.
    23 | D        | Found a hide-covered altar of Uskayaw.
    23 | D        | Found an ancient bone altar of Kikubaaqudgha.
    23 | D        | Found a viscous altar of Jiyva.
    23 | D        | Found a hazy altar of Hepliaklqana.
    24 | D        | Found a bloodstained altar of Trog.
    24 | D        | Found a deep blue altar of Sif Muna.
    24 | D        | Found a sacrificial altar of Ru.
    24 | D        | Found a stormy altar of Qazlal.
    24 | D        | Found an iron altar of Okawaru.
    24 | D        | Found a sparkling altar of Nemelex Xobeh.
    24 | D        | Found an opulent altar of Gozag.
    24 | D        | Found a blossoming altar of Fedhas.
    24 | D        | Found a white marble altar of Elyvilon.
    24 | D        | Found a shadowy altar of Dithmenos.
    24 | D        | Found a snail-covered altar of Cheibriados.
    25 | D        | Found a glowing golden altar of the Shining One.
    25 | D        | Found a glowing silver altar of Zin.
    26 | D        | Found a burning altar of Makhleb.
    26 | D        | Found a basalt altar of Yredelemnul.
    26 | D        | Found a roughly hewn altar of Beogh.
    27 | D        | Found a corrupted altar of Lugonu.
    27 | D        | Found a shimmering altar of Xom.
    27 | D        | Found a shattered altar of Ashenzari.
    38 | D        | Became a worshipper of Dithmenos the Shadowed
    96 | D        | Reached skill level 5 in Stealth
   102 | D        | Noticed a floating eye
   103 | D        | Paralysed by a floating eye for 3 turns
   112 | D        | Paralysed by a floating eye for 2 turns
   116 | D        | Reached * piety under Dithmenos
   119 | D        | Paralysed by a floating eye for 3 turns
   128 | D        | Paralysed by a floating eye for 4 turns
   133 | D        | Killed a floating eye
   133 | D        | Reached skill level 9 in Stealth
   133 | D        | Reached XP level 2. HP: 4/13 MP: 5/10
   133 | D        | Reached XP level 3. HP: 5/16 MP: 6/12
   133 | D        | Reached XP level 4. HP: 6/21 MP: 6/13
   337 | D        | Learned a level 2 spell: Ensorcelled Hibernation
   341 | D        | Learned a level 3 spell: Confuse
   346 | D        | Noticed a floating eye
   351 | D        | Paralysed by a floating eye for 2 turns
   355 | D        | Reached ** piety under Dithmenos
   356 | D        | Paralysed by a floating eye for 4 turns
   361 | D        | Killed a floating eye
   361 | D        | Reached skill level 11 in Stealth
   361 | D        | Reached XP level 5. HP: 15/24 MP: 7/17
   662 | D        | Noticed Crazy Yiuf
   669 | D        | Reached *** piety under Dithmenos
   673 | D        | Reached XP level 6. HP: 27/28 MP: 19/19
   676 | D        | Reached skill level 12 in Stealth
   685 | D        | Killed Crazy Yiuf
   685 | D        | Reached **** piety under Dithmenos
   753 | D        | Noticed Grinder
   764 | D        | Killed Grinder
   764 | D        | Reached skill level 13 in Stealth
   764 | D        | Reached skill level 10 in Spellcasting
   764 | D        | Reached skill level 10 in Hexes
   764 | D        | Reached XP level 7. HP: 23/32 MP: 15/22
   869 | D        | Noticed a flying skull
   871 | D        | Reached skill level 14 in Stealth
   873 | D        | Reached ***** piety under Dithmenos
   876 | D        | Killed a flying skull
   876 | D        | Reached skill level 15 in Stealth
   883 | D        | Noticed a vampire mosquito
   883 | D        | Noticed a vampire mosquito
   883 | D        | Noticed a snapping turtle
   948 | D        | Killed a vampire mosquito
   948 | D        | Reached XP level 8. HP: 24/36 MP: 19/25
   949 | D        | Slain by a snapping turtle

Skill      XL: |  1  2  3  4  5  6  7 |
---------------+----------------------+-----
Spellcasting   | 6 8 9 10 12 | 12.2
Stealth        | 9 11 13 15 | 15.4
Hexes          | 7 8 9 10 12 | 12.4
Short Blades   | |  1.1
Dodging        | |  3.0

Action                   |  1- 3 |  4- 6 |  7- 9 || total
-------------------------+-------+-------+-------++-------
Melee: Dagger            |    25 |    31 |    11 ||    67
 Cast: Ensorcelled Hiber |       |     7 |     2 ||     9
       Confuse           |       |     3 |     2 ||     5
 Stab: Sleeping          |     1 |     9 |     5 ||    15
       Confused          |       |     3 |     1 ||     4
Armor: Robe              |       |     4 |       ||     4
Dodge: Dodged            |    10 |    27 |    11 ||    48
